 Dungeon Crawl Stone Soup version 0.29.0-15-g675c0067aa (webtiles) character file.

Game seed: 16194329669580101930

17041 night the Grappler (level 12, -10/107 HPs)
             Began as a Troll Hunter on Sept 10, 2022.
             Was a Priest of Hepliaklqana.
             Mangled by Sonja
             ... wielding a +1 short sword of distortion
              (21 damage)
             ... on level 11 of the Dungeon on Sept 11, 2022.
             The game lasted 00:17:27 (8498 turns).

night the Grappler (Troll Hunter)                   Turns: 8498, Time: 00:17:28

Health: -10/107    AC:  9    Str: 24    XL:     12   Next: 15%
Magic:  13/13      EV: 13    Int:  5    God:    Hepliaklqana [***...]
Gold:   810        SH:  5    Dex: 21    Spells: 11/11 levels left

rFire   . . .      SeeInvis .     - Unarmed
rCold   . . .      Faith    .   (no shield)
rNeg    . . .      Spirit   .   p - +1 robe of the Ornamental God {Slay+3}
rPois   .          Reflect  +   (helmet restricted)
rElec   .          Harm     .   (no cloak)
rCorr   .          Rampage  .   (gloves unavailable)
Will    .....                   (boots unavailable)
Stlth   ++........              t - amulet of reflection
HPRegen 1.07/turn               l - +6 ring of dexterity
MPRegen 0.13/turn               n - +4 ring of protection

@: slowed, very slow
A: reduced essence, large, unfitting armour, claws 3, regeneration 1, shaggy fur
1, tough skin 1
a: Renounce Religion, Recall Ancestor, Ancestor Identity, Transference


You were on level 11 of the Dungeon.
You worshipped Hepliaklqana.
Hepliaklqana was most pleased with you.
You visited 2 branches of the dungeon, and saw 12 of its levels.

You collected 810 gold pieces.

Inventory:

Hand Weapons
 b - a +2 vorpal arbalest
 U - a +0 demon whip of venom
Missiles
 i - 97 stones
 o - 12 boomerangs
 w - 5 poisoned darts
 E - 3 throwing nets
 H - 3 large rocks
 N - 5 javelins
Armour
 c - a +0 robe
 p - the +1 robe of the Ornamental God (worn) {Slay+3}
   (You found it on level 3 of the Dungeon)

   Slay:      It affects your accuracy & damage with ranged weapons and melee
   (+3).
Jewellery
 f - a ring of positive energy
 l - a +6 ring of dexterity (left claw)
 n - a +4 ring of protection (right claw)
 s - a +6 ring of dexterity
 t - an amulet of reflection (around neck)
 v - a +4 ring of evasion
 C - a +6 ring of intelligence
 F - a ring of ice
 J - an amulet of the acrobat
 R - a ring of flight
Wands
 a - a wand of acid (7)
 y - a wand of charming (11)
 B - a wand of iceblast (5)
 L - a wand of polymorph (6)
 O - a wand of flame (1)
Scrolls
 q - a scroll of noise
 u - 9 scrolls of identify
 x - 2 scrolls of teleportation
 z - a scroll of amnesia {unknown}
 I - 2 scrolls of fear
 P - a scroll of summoning
 Q - a scroll of immolation
 S - a scroll of enchant armour {unknown}
 T - a scroll of enchant weapon
Potions
 d - 3 potions of magic
 e - 3 potions of haste {unknown}
 g - 3 potions of attraction {unknown}
 h - a potion of lignification {unknown}
 j - 2 potions of resistance {unknown}
 k - 2 potions of might
 m - 3 potions of curing {unknown}
 r - 3 potions of degeneration {unknown}
 A - 2 potions of berserk rage {unknown}
 D - 4 potions of heal wounds {unknown}
 G - a potion of brilliance {unknown}
 K - 3 potions of ambrosia {unknown}
 M - 3 potions of flight {unknown}


   Skills:
 + Level 8.0 Fighting
 + Level 7.0 Ranged Weapons
 + Level 5.7 Dodging
 - Level 0.3 Stealth
 * Level 13.0 Unarmed Combat
 + Level 3.9 Invocations


You had 11 spell levels left.
You didn't know any spells.
Your spell library contained the following spells:

 Spells                   Type           Power      Damage    Failure   Level
 Apportation              Tloc           0%         N/A       47%         1
 Necrotise                Necr           0%         1d4       47%         1
 Summon Small Mammal      Summ           0%         N/A       47%         1
 Static Discharge         Conj/Air       0%         3-3/arc   63%         2
 Call Canine Familiar     Summ           0%         N/A       85%         3
 Portal Projectile        Hex/Tloc       0%         N/A       85%         3
 Summon Guardian Golem    Hex/Summ       0%         N/A       85%         3
 Vampiric Draining        Necr           0%         2d6       85%         3
 Corpse Rot               Necr/Pois/Air  0%         N/A       99%         4
 Dispel Undead            Necr           0%         3d6       99%         4
 Leda's Liquefaction      Hex/Erth       0%         N/A       99%         4
 Agony                    Necr           0%         N/A       100%        5
 Lightning Bolt           Conj/Air       0%         1d11      100%        5
 Death Channel            Necr           0%         N/A       100%        6
 Maxwell's Capacitive Co  Air            0%         ∞         100%        8


Dungeon Overview and Level Annotations

Branches:
Dungeon (11/15)            Temple (1/1) D:6            Lair (0/5) D:11
    Orc (0/2) D:11

Altars:
Ashenzari
Cheibriados
Dithmenos
Elyvilon
Fedhas
Gozag
Hepliaklqana
Kikubaaqudgha
Makhleb
Nemelex Xobeh
Okawaru
Qazlal
Ru
Sif Muna
Trog
Uskayaw
Vehumet
Wu Jian
Xom
Yredelemnul
Zin
The Shining One

Shops:
D:1 [   D:6 *   D:11 (

Annotations:
D:5 2 transporters, ntrailstourney's ghost, novice GnWn
D:11 Sonja


Innate Abilities, Weirdness & Mutations

Your life essence is reduced to manifest your ancestor. (-10% HP)
You are too large for most types of armour.
You have claws for hands.
Your natural rate of healing is unusually fast.
You are covered in fur. (AC +1)
You have tough skin. (AC +1)


Message History

The orc warrior is moderately wounded.
You feel sick.
Sonja casts a spell.
Sonja blinks!
The orc warrior barely misses you.
Thamphthis blocks Sonja's attack. x2
Sonja hits Thamphthis but does no damage.
Space warps horribly around Thamphthis!
The orc warrior hits you with a +0 halberd!
You barely miss the orc warrior.
The orc warrior is moderately wounded.
You feel sick.
Sonja completely misses Thamphthis.
Sonja hits Thamphthis but does no damage.
Thamphthis blinks!
The orc warrior hits you with a +0 halberd!
* * * LOW HITPOINT WARNING * * *
You claw the orc warrior! x2
You kill the orc warrior!
You feel sick.
Thamphthis barely misses Sonja.
Sonja hits Thamphthis but does no damage.
Sonja hits Thamphthis with a +1 short sword of distortion!
Thamphthis blinks!
You completely miss Sonja.
Sonja is heavily wounded.
You feel sick.
Sonja hits you with a +1 short sword of distortion.
* * * LOW HITPOINT WARNING * * *
Space warps around you.
* * * LOW HITPOINT WARNING * * *
Sonja barely misses you. Sonja hits you but does no damage.
Space warps around you.
* * * LOW HITPOINT WARNING * * *
You completely miss Sonja.
Sonja is heavily wounded.
You feel sick.
You are no longer poisoned.
Sonja barely misses you. x2
Sonja hits you with a +1 short sword of distortion.
* * * LOW HITPOINT WARNING * * *
Space warps horribly around you!!
You die...

# #..#....#...... #.
#.)+....#.P...P
##.#######..#####....P.P
.........†.......P.PP...
..........####+.P.....P.
..........# . .P ..
.....!....# . .
......))..#...P .P.
..R...)@)..# .P.P
###....K....... ...P
#....$......P P.P.
#..........$# .P..
#....∩...##.#


PP.. #......... .# .PP. #....>....# .P.. #..$......# .P.P .... You could see the
friendly Thamphthis the knight and Sonja (ally target).

Vanquished Creatures
  Erica (D:9)
  4 two-headed ogres
  Pikel (D:6)
  A cyclops (D:11)
  Joseph (D:8)
  2 gargoyles
  A kobold demonologist (D:10)
  5 slime creatures (D:10)
  2 shadows (D:9)
  14 yaks
  A wraith (D:9)
  2 steam dragons (D:9)
  Grum (D:9)
  Menkaure (D:5)
  Edmund (D:6)
  2 water moccasins
  5 orc warriors
  A black bear (D:7)
  2 ice beasts
  4 sky beasts
  3 wolves (D:9)
  An ogre (D:6)
  2 centaurs
  2 phantoms
  A necrophage (D:4)
  6 bullfrogs
  2 wights (D:8)
  21 killer bees
  4 howler monkeys
  5 hounds
  A jelly (D:6)
  An orc priest (D:7)
  3 gnoll boudas
  2 iguanas
  Terence (D:3)
  9 orc wizards
  Robin (D:4)
  7 adders
  16 gnolls
  A shadow imp (D:6)
  A white imp (D:6)
  An ufetubus (D:5)
  2 worms
  3 dart slugs
  31 orcs
  9 ball pythons
  2 bats
  9 endoplasms
  A giant cockroach (D:1)
  16 goblins
  5 hobgoblins
  A quokka (D:1)
  3 frilled lizards
  5 kobolds
  8 rats
238 creatures vanquished.

Vanquished Creatures (collateral kills)
  A two-headed ogre (D:11)
  Nergalle (D:10)
  Amaemon (D:11)
  An orange demon (D:11)
  A hornet (D:10)
  A shadow (D:10)
  A vampire (D:11)
  3 yaks
  2 water moccasins (D:11)
  A black bear (D:11)
  A wolf (D:9)
  A gnoll sergeant (D:9)
  4 wights
  2 howler monkeys (D:10)
  An orc wizard (D:9)
  5 orcs
27 creatures vanquished.

Vanquished Creatures (others)
  2 knights (D:10)
  An orc wizard (D:9)
  4 ancestors
  17 fungi
  7 plants
31 creatures vanquished.

Grand Total: 296 creatures vanquished

Notes
Turn   | Place    | Note
-------+----------+-------------------------------------------
     0 | D:1      | night the Troll Hunter began the quest for the Orb.
     0 | D:1      | Reached XP level 1. HP: 19/19 MP: 0/0
   321 | D:1      | Reached skill level 1 in Unarmed Combat
   323 | D:1      | Reached XP level 2. HP: 24/28 MP: 1/1
   338 | D:1      | Found a faded altar of an unknown god.
   344 | D:1      | Found Zecodaem's Antique Armour Shop.
   604 | D:1      | Prayed at the altar of an unknown god.
   604 | D:1      | Became a worshipper of Sif Muna the Loreminder
   604 | D:1      | Reached * piety under Sif Muna
   605 | D:1      | Fell from the grace of Sif Muna
   783 | D:2      | Reached skill level 2 in Fighting
   783 | D:2      | Reached XP level 3. HP: 35/35 MP: 2/2
   967 | D:2      | Reached skill level 2 in Unarmed Combat
  1139 | D:3      | Identified the +1 robe of the Ornamental God {Slay+3}
  1239 | D:3      | Noticed Terence
  1248 | D:3      | Reached XP level 4. HP: 40/42 MP: 3/3
  1249 | D:3      | Killed Terence
  1303 | D:3      | Upgraded the game from 0.29.0-13-gc9e81de378 to
                  | 0.29.0-15-g675c0067aa
  1421 | D:3      | Reached skill level 3 in Unarmed Combat
  1847 | D:4      | Reached XP level 5. HP: 50/50 MP: 4/4
  1944 | D:4      | Noticed Robin
  1961 | D:4      | Killed Robin
  2274 | D:4      | Reached skill level 4 in Unarmed Combat
  2311 | D:4      | Found a radiant altar of Vehumet.
  2479 | D:4      | Reached XP level 6. HP: 57/58 MP: 5/5
  2563 | D:5      | Entered Level 5 of the Dungeon
  2705 | D:5      | Noticed Menkaure
  2709 | D:5      | Killed Menkaure
  2710 | D:5      | Reached skill level 5 in Unarmed Combat
  2710 | D:5      | Reached XP level 7. HP: 39/67 MP: 6/6
  2902 | D:5      | Found a transporter.
  2909 | D:5      | Noticed ntrailstourney's ghost (novice GnWn)
  2914 | D:5      | Found a transporter.
  3302 | D:6      | Found a staircase to the Ecumenical Temple.
  3318 | Temple   | Entered the Ecumenical Temple
  3549 | Temple   | Became a worshipper of Hepliaklqana the Forgotten
  3634 | D:6      | Found Emicy's Assorted Antiques.
  3636 | D:6      | Noticed Edmund
  3644 | D:6      | Killed Edmund
  3645 | D:6      | Reached skill level 6 in Unarmed Combat
  3676 | D:6      | Reached XP level 8. HP: 68/78 MP: 7/7
  3828 | D:6      | Noticed Pikel
  3834 | D:6      | Killed Pikel
  3835 | D:6      | Reached skill level 7 in Unarmed Combat
  4223 | D:7      | Reached skill level 8 in Unarmed Combat
  4242 | D:7      | Reached skill level 5 in Fighting
  4262 | D:7      | Reached XP level 9. HP: 88/88 MP: 8/8
  4350 | D:7      | Reached skill level 5 in Ranged Weapons
  4680 | D:7      | Was forgiven by Sif Muna
  4747 | D:7      | Reached skill level 9 in Unarmed Combat
  4821 | D:7      | Reached * piety under Hepliaklqana
  5086 | D:8      | Reached skill level 2 in Dodging
  5228 | D:8      | Noticed Joseph
  5240 | D:8      | Killed Joseph
  5573 | D:8      | Noticed a two-headed ogre
  5588 | D:8      | Killed a two-headed ogre
  5589 | D:8      | Reached skill level 10 in Unarmed Combat
  5589 | D:8      | Reached XP level 10. HP: 35/88 MP: 9/9
  5743 | D:8      | Noticed a two-headed ogre
  5765 | D:8      | Killed a two-headed ogre
  6325 | D:9      | Reached skill level 11 in Unarmed Combat
  6326 | D:9      | HP: 13/90 [poisoned by a gnoll sergeant]
  6331 | D:9      | HP: 12/90 [poisoned by a gnoll sergeant]
  6536 | D:9      | Reached ** piety under Hepliaklqana
  6537 | D:9      | Remembered your ancestor Thamphthis as a knight
  6698 | D:9      | Noticed Grum
  6718 | D:9      | Killed Grum
  6801 | D:9      | Reached XP level 11. HP: 98/98 MP: 10/10
  6834 | D:9      | Noticed Erica
  6843 | D:9      | Killed Erica
  6844 | D:9      | Reached skill level 1 in Invocations
  7326 | D:10     | Entered Level 10 of the Dungeon
  7397 | D:10     | Identified a scroll of acquirement
  7397 | D:10     | Acquired a +2 vorpal arbalest
  7471 | D:10     | Noticed a two-headed ogre
  7476 | D:10     | Killed a two-headed ogre
  7682 | D:10     | Reached skill level 2 in Invocations
  7695 | D:10     | Reached skill level 12 in Unarmed Combat
  7812 | D:10     | Noticed Nergalle
  7816 | D:10     | Killed Nergalle
  7817 | D:10     | Reached skill level 5 in Dodging
  7846 | D:10     | Noticed a two-headed ogre
  7849 | D:10     | Killed a two-headed ogre
  8166 | D:11     | Reached *** piety under Hepliaklqana
  8208 | D:11     | Noticed a two-headed ogre
  8213 | D:11     | Killed a two-headed ogre
  8369 | D:11     | Found a staircase to the Lair.
  8440 | D:11     | Noticed Amaemon
  8444 | D:11     | Reached XP level 12. HP: 107/107 MP: 13/13
  8451 | D:11     | Killed Amaemon
  8480 | D:11     | Found Toilew's Weapon Shoppe.
  8483 | D:11     | Found a staircase to the Orcish Mines.
  8486 | D:11     | Reached skill level 13 in Unarmed Combat
  8488 | D:11     | Noticed Sonja
  8497 | D:11     | HP: 16/107 [Sonja/+1 short sword of distortion (2)]
  8498 | D:11     | Mangled by Sonja

Illustrated notes

Levels and vault maps discovered:
D:1:      dpeg_arrival_tiny_b, layout_basic, serial_shops, shop,
          shapermc_ecumenical_altar_gd
D:2:      cheibrodos_helix_gallery, layout_basic, serial_park_tiny_2
D:3:      layout_loops_ring, uniq_terence
D:4:      layout_loops_corners, mainiacjoe_overflow_catwalk,
          kennysheep_decorative_pillar, minmay_pentangle, uniq_robin
D:5:      layout_cave_pods, gammafunk_ghost_smash, serial_park_tiny_pond,
          minmay_misc_feat_chi, uniq_menkaure
D:6:      layout_basic, minmay_temple_entry_overgrown, serial_shops,
          shop_fountains, uniq_pikel, uniq_edmund
D:7:      layout_loops_ring, dreamdust_gnoll_shepherd
D:8:      layout_basic, uniq_joseph
D:9:      layout_stronghold, columned_hall_lemuel, grunt_ministairs_12,
          uniq_erica, uniq_grum
D:10:     layout_loops_cross, chequers_serial_rivers_small_3, uniq_nergalle
D:11:     layout_irregular_city, due_lair_maze_entry_diamond, orc_david_3,
          nicolae_trove_entry_path_of_doom, uniq_amaemon, uniq_sonja
Temple:   mainiacjoe_temple_hex_bubbles

Skill      XL: |  1  2  3  4  5  6  7  8  9 10 11 12 |
---------------+-------------------------------------+-----
Unarmed Combat | 1 2 3 4 5 6 8 10 11 12 13 | 13.0
Fighting       | 2 3 4 5 6 7 8 |  8.0
Ranged Weapons | 3 4 5 6 7 |  7.0
Dodging        | 3 4 5 |  5.7
Invocations    | 3 |  3.9
Stealth        | |  0.3

Action                   |  1- 3 |  4- 6 |  7- 9 | 10-12 || total
-------------------------+-------+-------+-------+-------++-------
Melee: Unarmed           |     7 |    31 |   165 |   150 ||   353
       Punch             |       |     1 |     8 |    12 ||    21
 Fire: Shortbow          |   102 |    88 |   105 |    17 ||   312
       Arbalest          |       |       |       |    87 ||    87
Invok: Renounce Religion |     1 |       |       |       ||     1
       Ancestor Life: Kn |       |       |       |     1 ||     1
  Use: Scroll            |     3 |       |     6 |     1 ||    10
 Stab: Sleeping          |       |       |     2 |       ||     2
       Distracted        |       |       |     2 |     3 ||     5
Armor: Robe              |    14 |    27 |    79 |    43 ||   163
Dodge: Dodged            |    25 |    42 |   113 |    81 ||   261
Block: Other             |       |       |    25 |    33 ||    58
       Reflection        |       |       |     1 |     1 ||     2
